 Dungeon Crawl Stone Soup version 0.28-a0-1510-gd0f6b136d3 (webtiles) character file.

Game seed: 10845759174303119688

0 Hasart the Insei (level 1, -3/15 HPs)
             Began as a Demigod Transmuter on Jan 16, 2022.
             Frozen to death by an endoplasm (5 damage)
             ... on level 1 of the Dungeon.
             The game lasted 00:00:08 (81 turns).

Hasart the Insei (Demigod Transmuter)                 Turns: 81, Time: 00:00:09

Health: -3/15      AC:  2    Str: 11    XL:     1   Next: 6%
Magic:  5/5        EV: 12    Int: 15    God:
Gold:   2          SH:  0    Dex: 14    Spells: 2/3 levels left

rFire   . . .      SeeInvis .     - Unarmed
rCold   . . .      Faith    .   (no shield)
rNeg    . . .      Spirit   .   a - +0 robe
rPois   .          Reflect  .   (no helmet)
rElec   .          Harm     .   (no cloak)
rCorr   .          Rampage  .   (no gloves)
Will    .....                   (no boots)
Stlth   +.........              (no amulet)
HPRegen 0.05/turn               (no ring)
MPRegen 0.09/turn               (no ring)

@: no status effects
A: high mp 1, forlorn, divine attributes
a: no special abilities


You were on level 1 of the Dungeon.
You visited 1 branch of the dungeon, and saw 1 of its levels.

You collected 2 gold pieces.

Inventory:

Armour
 a - a +0 robe (worn)
Scrolls
 b - 3 scrolls of amnesia {unknown}
 c - a scroll of teleportation {unknown}
 d - a scroll of identify {unknown}


   Skills:
 + Level 0.8 Fighting
 + Level 1.7 Dodging
 + Level 2.7 Unarmed Combat
 + Level 1.7 Spellcasting
 + Level 1.7 Transmutations


You had 2 spell levels left.
You knew the following spells:

 Your Spells              Type           Power      Damage    Failure   Level
a - Beastly Appendage     Tmut           12%        N/A       11%         1

Your spell library contained the following spells:

 Spells                   Type           Power      Damage    Failure   Level
 Wereblood                Tmut           6%         N/A       17%         2
 Spider Form              Tmut/Pois      4%         N/A       43%         3
 Ice Form                 Ice/Tmut       4%         N/A       83%         4


Dungeon Overview and Level Annotations

Branches:
Dungeon (1/15)


Innate Abilities, Weirdness & Mutations

You have an increased reservoir of magic. (+10% MP)
You shall have no god before yourself.
Your divine heritage dramatically boosts your attributes as you level up.


Message History

There is an open door here.
You open the door.
There is an open door here.
You open the door.
There is an open door here.
b - 3 scrolls labelled OCEORU FIODD
c - a scroll labelled ZOENEBBIKE You open the door.
There is an open door here.
You open the door.
There is an open door here.
Found 14 stones.
Found 15 stones.
You now have 2 gold pieces.
d - a scroll labelled ZAIFEO ICEUBUG An endoplasm comes into view.
You see here a scroll labelled ZAIFEO ICEUBUG.
An endoplasm is nearby!
A ball python comes into view.
You see here 5 gold pieces.
The ball python bites you. The ball python grabs you.
The ball python constricts you.
You hit the ball python.
You kill the ball python!
The endoplasm quivers.
The endoplasm hits you but does no damage.
The endoplasm closely misses you. The endoplasm closely misses you.
The endoplasm freezes you.
You are frozen.
The endoplasm hits you. The endoplasm freezes you.
You are frozen.
* * * LOW HITPOINT WARNING * * *
The endoplasm freezes you.
You are frozen.
* * * LOW HITPOINT WARNING * * *
The endoplasm freezes you.
You are frozen.
You die...

♣♣.........♣
♣♣........#
♣........#
♣♣.......#
♣♣......#
♣♣♣.#.?#
###$.# #..#
#@.#
#.....J†##
###......
######.# ..
###


You could see an endoplasm.

Vanquished Creatures
  A ball python (D:1)
1 creature vanquished.

Notes
Turn   | Place    | Note
-------+----------+-------------------------------------------
     0 | D:1      | Hasart the Demigod Transmuter began the quest for the Orb.
     0 | D:1      | Reached XP level 1. HP: 15/15 MP: 5/5
    81 | D:1      | Frozen to death by an endoplasm

Illustrated notes

Levels and vault maps discovered:
D:1:      sevenhm_arrival_forest_fort_large_4, layout_loops_corners,
          ebering_ecumenical_altar_mist

Action                   || total
-------------------------++-------
Melee: Unarmed           ||     1
Armor: Robe              ||     1
Dodge: Dodged            ||     2

Table legend: (Time is in decaauts)
 A = Elapsed time spent in this place.
 B = Non-inter-level travel time spent in this place.
 C = Inter-level travel time spent in this place.
 D = Time resting spent in this place.
 E = Time spent auto-exploring this place.
 F = Levels seen in this place.
 G = Mean time per level.
                   A        B        C        D        E       F      G
               +--------+--------+--------+--------+--------+-----+--------+
         Total |     80 |     80 |      0 |      0 |     64 |   1 |   80.0 |
       Dungeon |     80 |     80 |      0 |      0 |     64 |   1 |   80.0 |
               +--------+--------+--------+--------+--------+-----+--------+

Top non-repeatable levels by time:
     D:1: 80 daAuts
